 Dungeon Sprint DCSS version 0.30-a0-737-gf23d94013f (webtiles) character file.

Game seed: 6498251695625182020

22205 BigDaddyOpFi the Green Death (level 12, -13/127 HPs)
             Began as a Hill Orc Fighter on Feb 2, 2023.
             Was a High Priest of Fedhas.
             Mangled by a vampire knight
             ... wielding a +0 great sword
              (31 damage)
             ... in the Dungeon (Sprint VII: "The Pits").
             The game lasted 00:08:48 (5537 turns).

BigDaddyOpFi the Green Death (Hill Orc Fighter)     Turns: 5537, Time: 00:08:48

Health: -13/127    AC: 29    Str: 27    XL:     12   Next: 98%
Magic:  13/25      EV:  5    Int: 11    God:    Fedhas [*****.]
Gold:   27         SH: 20    Dex: 13    Spells: 11/11 levels left

rFire   + + .      SeeInvis .    o - +8 mithril axe "Arga" {speed, Will+}
rCold   + + .      Faith    .    y - +1 tower shield
rNeg    . . .      Spirit   .    B - +2 gold dragon scales
rPois   +          Reflect  .    z - +2 helmet {Int+3}
rElec   .          Harm     .    v - scarf {rC+ rF+}
rCorr   .          Rampage  .    A - +1 pair of gloves
Will    +....      NoTele   +    (no boots) Stlth
                                 (no amulet)
HPRegen 0.41/turn                b - +3 ring of dexterity
MPRegen 0.19/turn                m - +3 ring of strength

@: no status effects
A: no striking features
a: Renounce Religion, Wall of Briars, Grow Ballistomycete, Overgrow, Grow Oklob


You were in the Dungeon.
You worshipped Fedhas.
Fedhas was extremely pleased with you.
You visited 1 branch You collected 27 gold pieces.

Inventory:

Hand Weapons
 a - a +1 heavy war axe
 o - the +8 mithril axe "Arga" (weapon) {speed, Will+}
   (You found it in the Dungeon)

   Will:      It increases your willpower.
Armour
 v - a scarf of resistance (worn)
 y - a +1 tower shield (worn)
 z - a +2 helmet of intelligence (worn)
 A - a +1 pair of gloves (worn)
 B - +2 gold dragon scales (worn)
Jewellery
 b - a +3 ring of dexterity (left hand)
 d - a ring of see invisible
 m - a +3 ring of strength (right hand)
 s - a ring of poison resistance
 w - a ring of willpower
Wands
 t - a wand of charming (8)
Scrolls
 j - 2 scrolls of blinking
 q - 5 scrolls of enchant weapon
 r - 3 scrolls of fear
 u - a scroll of brand weapon
 x - a scroll of magic mapping
Potions
 e - 7 potions of curing
 f - 9 potions of heal wounds
 g - 2 potions of haste
 h - 4 potions of magic
 i - 2 potions of berserk rage
 k - 2 potions of invisibility
 l - 2 potions of might
 n - a potion of brilliance


   Skills:
 + Level 17.9 Fighting
 + Level 19.1 Axes
 + Level 16.5 Armour
 + Level 16.5 Shields
 * Level 19.9 Invocations


You had 11 spell levels left.
You didn't know any spells.
Your spell library contained the following spells:

 Spells                   Type           Power      Damage    Failure   Level
 Kindle Blastsparks       Fire/Tloc/Air  0%         2d10      100%        3
 Fulminant Prism          Conj/Hex       0%         3d5       100%        4
 Iskenderun's Mystic Bla  Conj/Tloc      0%         2d3       100%        4
 Lee's Rapid Deconstruct  Erth           0%         3d4*      100%        5


Dungeon Overview and Level Annotations

Branches:
Dungeon (1/1)

Altars:
Ashenzari
Cheibriados
Dithmenos
Elyvilon
Fedhas
Gozag
Hepliaklqana
Kikubaaqudgha
Makhleb
Nemelex Xobeh
Okawaru
Qazlal
Ru
Sif Muna
Trog
Uskayaw
Vehumet
Wu Jian
Xom
Yredelemnul
Zin
The Shining One
Beogh
Jiyva
Lugonu


Message History

A shard of ice appears from out of thin air!
The shard of ice hits you!! You partially resist. Something hits you!
* * * LOW HITPOINT WARNING * * *
Something bites you but does no damage.
You barely miss something. You hit something but do no damage.
Something hits you.
* * * LOW HITPOINT WARNING * * *
You feel much better. Something hits you!!
* * * LOW HITPOINT WARNING * * *
Something bites you but does no damage.
You hear some strange, mumbled words.
A shard of ice appears from out of thin air!
You block the shard of ice. You block something's attack.
Something bites you but does no damage. You block something's attack.
You feel much better. Something hits you!
* * * LOW HITPOINT WARNING * * *
Something bites you but does no damage. Something hits you!
* * * LOW HITPOINT WARNING * * *
You feel much better. Something hits you!
Something bites you but does no damage. Something hits you!
* * * LOW HITPOINT WARNING * * *
You block something's attack. Something bites you!
* * * LOW HITPOINT WARNING * * *
Something draws strength from your injuries!
Something hits you!
* * * LOW HITPOINT WARNING * * *
Blink to where?
Press: ? - help, Dir - move target
As you read the scroll of blinking, it crumbles to dust.
Something hits your oklob plant.
A briar patch grows up from the ground. x8; Something hits your oklob plant! x2
You walk carefully through the plants.
Something hits your briar patch! Something bites your briar patch!
Aiming: Grow Ballistomycete (0% risk of failure)
Press: ? - help, Dir - move target A ballistomycete grows from the ground.
Something hits you but does no damage. Something bites you but does no damage.
You slice something!! Something hits you!!
You die...
Fedhas appreciates your contribution to the ecosystem.

#..........+ #..........+
###''####''#
###''####''################
#......##........PP))......
#.#....##PPP.....P{.)..†...
#.#÷.'.##PPP#############''
#.'..#.##PPP))#))# #...o
#.#.}+.##.@#))#))# #....
#######.+).#.##..#.....#
#..o. .##..##
##+#.##..#..#### ###..
.##..# #..#..+


ooo .'PP.# #..#..#### ... .''.)##########..#.....# .o. .##.........P..).#))#))#
.##..............#))#))# ##################### ## You could see a friendly
ballistomycete (summoned).

Vanquished Creatures
  A death cob (D)
  Agnes (D)
  A blizzard demon (D)
  A spriggan air mage (D)
  A sun demon (D)
  A fire crab (D)
  2 deep trolls (D)
  A manticore (D)
  A smoke demon (D)
  A rime drake (D)
  An ice devil (D)
  A blink frog (D)
  A jumping spider (D)
  7 dream sheep (D)
  A flying skull (D)
  A wyvern (D)
  A ynoxinul (D)
  Grum (D)
  A basilisk (D)
  2 water moccasins (D)
  A centaur (D)
  2 wolves (D)
  A phantom (D)
  2 necrophages (D)
  A small abomination (D)
  A crimson imp (D)
  A jelly (D)
  3 orc priests (D)
  2 iguanas (D)
  A gnoll (D)
  A river rat (D)
  A white imp (D)
  An ufetubus (D)
  A worm (D)
  An orc (D)
  An endoplasm (D)
  A goblin (D)
  2 quokkas (D)
  A ball python (D)
  A frilled lizard (D)
  A giant cockroach zombie (D)
  A kobold (D)
  A rat (D)
57 creatures vanquished.

Vanquished Creatures (collateral kills)
  A great orb of eyes (D)
  A hydra (D)
  2 death yaks (D)
  Sonja (D)
  A swamp dragon (D)
  A lindwurm (D)
  A deep elf pyromancer (D)
  4 orc knights (D)
  6 harpies (D)
  2 smoke demons (D)
  A gargoyle (D)
  A rime drake (D)
  An efreet (D)
  A kobold demonologist (D)
  A red devil (D)
  2 trolls (D)
  A polar bear (D)
  A wind drake (D)
  A hornet (D)
  A blink frog (D)
  A spriggan (D)
  A basilisk (D)
  A chaos spawn (D)
  3 vampire mosquitoes (D)
  A swamp drake (D)
  A wolf (D)
  A scorpion (D)
  3 killer bees (D)
  A quasit (D)
  A mummy (D)
  A gnoll (D)
  A river rat (D)
  A quokka (D)
  A ball python (D)
  2 ballistomycete spores (D)
51 creatures vanquished.

Vanquished Creatures (others)
  A wandering mushroom (D)
  2 ballistomycete spores (D)
3 creatures vanquished.

Grand Total: 111 creatures vanquished

Notes
Turn   | Place    | Note
-------+----------+-------------------------------------------
     0 | D        | BigDaddyOpFi the Hill Orc Fighter began the quest for the
                  | Orb.
     0 | D        | Reached XP level 1. HP: 19/19 MP: 1/1
    13 | D        | Reached XP level 2. HP: 28/28 MP: 2/2
    16 | D        | Found a bloodstained altar of Trog.
    16 | D        | Found a shimmering blue altar of Sif Muna.
    16 | D        | Found a viscous altar of Jiyva.
    16 | D        | Found a hazy altar of Hepliaklqana.
    16 | D        | Found an opulent altar of Gozag.
    17 | D        | Found a glowing golden altar of the Shining One.
    17 | D        | Found a glowing silver altar of Zin.
    17 | D        | Found a basalt altar of Yredelemnul.
    17 | D        | Found a shimmering altar of Xom.
    17 | D        | Found an ornate altar of the Wu Jian Council.
    17 | D        | Found a sacrificial altar of Ru.
    17 | D        | Found a stormy altar of Qazlal.
    17 | D        | Found an iron altar of Okawaru.
    17 | D        | Found a sparkling altar of Nemelex Xobeh.
    17 | D        | Found a burning altar of Makhleb.
    17 | D        | Found a blossoming altar of Fedhas.
    17 | D        | Found a white marble altar of Elyvilon.
    17 | D        | Found a shadowy altar of Dithmenos.
    17 | D        | Found a snail-covered altar of Cheibriados.
    18 | D        | Found a radiant altar of Vehumet.
    18 | D        | Found a corrupted altar of Lugonu.
    18 | D        | Found a roughly hewn altar of Beogh.
    19 | D        | Found an ancient bone altar of Kikubaaqudgha.
    19 | D        | Found a hide-covered altar of Uskayaw.
    19 | D        | Found a broken altar of Ashenzari.
    23 | D        | Became a worshipper of Fedhas Madash
   228 | D        | Reached * piety under Fedhas
   236 | D        | Reached XP level 3. HP: 32/35 MP: 3/3
   348 | D        | Noticed a water moccasin
   354 | D        | Reached ** piety under Fedhas
   355 | D        | Reached skill level 5 in Fighting
   359 | D        | Killed a water moccasin
   360 | D        | Reached XP level 4. HP: 37/45 MP: 4/4
   360 | D        | Reached XP level 5. HP: 42/51 MP: 5/5
   438 | D        | Reached *** piety under Fedhas
   442 | D        | Noticed a phantom
   461 | D        | Killed a phantom
   462 | D        | Reached XP level 6. HP: 54/62 MP: 6/6
   468 | D        | Reached **** piety under Fedhas
   637 | D        | Noticed a flying skull
   645 | D        | Killed a flying skull
   645 | D        | Reached ***** piety under Fedhas
   646 | D        | Reached skill level 10 in Axes
   646 | D        | Reached XP level 7. HP: 71/71 MP: 7/7
   656 | D        | Reached skill level 10 in Fighting
   823 | D        | Noticed a dream sheep
   823 | D        | Noticed a dream sheep
   823 | D        | Noticed a dream sheep
   823 | D        | Noticed a dream sheep
   823 | D        | Noticed a dream sheep
   823 | D        | Noticed a dream sheep
   823 | D        | Noticed a dream sheep
   846 | D        | Killed a dream sheep
   846 | D        | Killed a dream sheep
   847 | D        | Reached skill level 10 in Armour
   847 | D        | Reached skill level 10 in Shields
   847 | D        | Reached XP level 8. HP: 57/82 MP: 2/8
   847 | D        | Killed a dream sheep
   849 | D        | Killed a dream sheep
   856 | D        | Killed a dream sheep
   857 | D        | Killed a dream sheep
   857 | D        | Reached ****** piety under Fedhas
   858 | D        | Reached XP level 9. HP: 57/90 MP: 3/9
  1075 | D        | Found the +8 mithril axe "Arga" {speed, Will+}
  1175 | D        | Noticed a rime drake
  1180 | D        | Killed a rime drake
  1270 | D        | Noticed Grum
  1270 | D        | Noticed a deep troll
  1270 | D        | Noticed a manticore
  1281 | D        | Reached skill level 5 in Invocations
  1282 | D        | Killed a deep troll
  1288 | D        | Killed a manticore
  1289 | D        | Reached XP level 10. HP: 43/101 MP: 12/15
  1296 | D        | Killed Grum
  1494 | D        | Noticed a death yak
  1494 | D        | Noticed a smoke demon
  1494 | D        | Noticed a lindwurm
  1498 | D        | Killed a smoke demon
  1507 | D        | Killed a death yak
  1508 | D        | Reached skill level 10 in Invocations
  1510 | D        | Killed a lindwurm
  1511 | D        | Reached skill level 15 in Axes
  2035 | D        | Noticed a great orb of eyes
  2035 | D        | Noticed a gargoyle
  2035 | D        | Noticed a kobold demonologist
  2039 | D        | Noticed a smoke demon
  2039 | D        | Killed a gargoyle
  2044 | D        | Killed a great orb of eyes
  2045 | D        | Reached XP level 11. HP: 111/111 MP: 12/20
  2056 | D        | Reached skill level 15 in Fighting
  2356 | D        | Noticed a deep elf pyromancer
  2356 | D        | Noticed a harpy
  2356 | D        | Noticed a harpy
  2356 | D        | Noticed a harpy
  2356 | D        | Noticed a harpy
  2359 | D        | Killed a harpy
  2361 | D        | Killed a harpy
  2372 | D        | Killed a deep elf pyromancer
  2373 | D        | Noticed a death yak
  2375 | D        | Killed a death yak
  2380 | D        | Killed a harpy
  2381 | D        | Reached skill level 15 in Invocations
  2381 | D        | Noticed an eight-headed hydra
  2382 | D        | Killed an eight-headed hydra
  2386 | D        | Noticed a harpy
  2390 | D        | Killed a harpy
  2393 | D        | Killed a harpy
  2746 | D        | Noticed a deep troll
  2754 | D        | Killed a deep troll
  2755 | D        | Reached skill level 15 in Armour
  2755 | D        | Reached skill level 15 in Shields
  2900 | D        | Noticed Sonja
  2908 | D        | Killed Sonja
  2909 | D        | Reached XP level 12. HP: 124/124 MP: 15/24
  3420 | D        | Noticed Agnes
  3437 | D        | Killed Agnes
  4388 | D        | Noticed a sun demon
  4388 | D        | Noticed a spriggan air mage
  4388 | D        | Noticed a blizzard demon
  4413 | D        | Killed a spriggan air mage
  4419 | D        | Killed a blizzard demon
  4431 | D        | Killed a sun demon
  5194 | D        | Noticed a death cob
  5211 | D        | Killed a death cob
  5494 | D        | Noticed an orc warlord
  5509 | D        | Noticed a vampire knight
  5510 | D        | Noticed a deep elf knight
  5537 | D        | Mangled by a vampire knight

Illustrated notes

Levels and vault maps discovered:
D:        pitsprint [storerooms_1, entrance_room_1, metal_vault_2, armoury_1,
          mini_pit_1, grid_room_1, main_hall_1, silver_pit, the_coven_2,
          the_vestibule_1, steel_vault_4, golden_pit, hallway_of_sentries,
          crystal_vault_6, iron_vault_4, final_vault]

Skill      XL: |  1  2  3  4  5  6  7  8  9 10 11 12 |
---------------+-------------------------------------+-----
Fighting       | 4 6 8 9 11 12 13 14 16 17 | 17.9
Axes           | 3 4 6 8 10 11 13 14 15 17 19 | 19.1
Armour         | 4 6 7 9 10 11 12 13 15 16 | 16.5
Shields        | 4 6 7 8 10 11 12 13 15 16 | 16.5
Invocations    | 7 12 16 19 | 19.9

Action                     |  1- 3 |  4- 6 |  7- 9 | 10-12 || total
---------------------------+-------+-------+-------+-------++-------
  Melee: War axe           |    23 |    47 |    33 |       ||   103
         Broad axe         |       |       |    22 |    97 ||   119
 Invoke: Wall of Briars    |       |       |     1 |    16 ||    17
         Grow Ballistomyce |       |       |     1 |     1 ||     2
         Grow Oklob        |       |       |       |    12 ||    12
         Overgrow          |       |       |       |     3 ||     3
    Use: Potion            |     1 |     3 |     1 |    12 ||    17
         Scroll            |       |       |       |     5 ||     5
   Stab: Confused          |       |       |     2 |       ||     2
 Armour: Scale mail        |    16 |       |       |       ||    16
         Chain mail        |       |    28 |    12 |       ||    40
         Plate armour      |       |       |    17 |    57 ||    74
         Gold dragon scale |       |       |       |    27 ||    27
  Dodge: Dodged            |    11 |    13 |    15 |    28 ||    67
  Block: Buckler           |     7 |    12 |    23 |    29 ||    71
         Tower shield      |       |       |       |    33 ||    33

Table legend: (Time is in decaauts)
 A = Elapsed time spent in this place.
 B = Non-inter-level travel time spent in this place.
 C = Inter-level travel time spent in this place.
 D = Time resting spent in this place.
 E = Time spent auto-exploring this place.
 F = Levels seen in this place.
 G = Mean time per level.
                   A        B        C        D        E       F      G
               +--------+--------+--------+--------+--------+-----+--------+
         Total |   5579 |   5500 |     79 |   4180 |      0 |   1 | 5579.0 |
       Dungeon |   5579 |   5500 |     79 |   4180 |      0 |   1 | 5579.0 |
               +--------+--------+--------+--------+--------+-----+--------+

Top non-repeatable levels by time:
       D: 5579 daAuts
